 Dungeon Crawl Stone Soup version 0.25-a0-566-g062765be81 (webtiles) character file.

Game seed: 9508685037907745222, levelgen mode: deterministic

10394 srslyguys the Fighter (level 11, -3/89 HPs)
             Began as a Demonspawn Berserker on Feb 28, 2020.
             Was an Elder of Trog.
             Slain by Asterion
             ... wielding a +1 demon trident of electrocution
              (18 damage)
             ... on level 1 of the Spider Nest.
             The game lasted 00:36:21 (10885 turns).

srslyguys the Fighter (Demonspawn Berserker)       Turns: 10885, Time: 00:36:22

Health: -3/89      AC: 14    Str: 29    XL:     11   Next: 35%
Magic:  11/11      EV: 15    Int:  8    God:    Trog [****..]
Gold:   458        SH:  0    Dex: 14    Spells: 10/10 levels left

rFire    . . .     SeeInvis .   i - +7 trident (vorpal)
rCold    + . .     Gourm    .   r - +3 buckler
rNeg     . . .     Faith    .   x - +4 ring mail of Curiosity {rC+ Dex+2 Stlth+}
rPois    +         Spirit   .   (no helmet)
rElec    .         Reflect  .   (no cloak)
rCorr    .         Harm     .   (no gloves)
MR       .....                  (no boots)
Stlth    +.........             (no amulet)
HPRegen  0.24/turn              l - +4 ring of strength
MPRegen  0.12/turn              b - +3 ring of strength

@: confused
A: hooves 2, slimy green scales 3, foul stench 1, spiny 1, rot immunity
a: Berserk, Trog's Hand, Brothers in Arms, Renounce Religion


You were on level 1 of the Spider Nest.
You worshipped Trog.
Trog was greatly pleased with you.
You were not hungry.

You visited 3 branches of the dungeon, and saw 11 of its levels.

You collected 662 gold pieces.
You spent 204 gold pieces at shops.

Inventory:

Hand Weapons
 i - a +7 vorpal trident (weapon)
 C - a +2 rapier of flaming
Missiles
 n - a throwing net
 s - 8 silver javelins (quivered)
Armour
 q - quicksilver dragon scales
 r - a +3 buckler (worn)
 x - the +4 ring mail of Curiosity (worn) {rC+ Dex+2 Stlth+}
   (You found it on level 5 of the Dungeon)

   It affects your dexterity (+2).
   It protects you from cold.
   It makes you more stealthy.
   If you remove this armour, your AC will decrease by 10 (14 -> 4).
Magical Staves
 p - an uncursed staff of death {unknown}
Jewellery
 b - a +3 ring of strength (right hand)
 h - a +2 ring of intelligence
 l - a +4 ring of strength (left hand)
 m - an uncursed ring of protection from cold
 B - a cursed -3 ring of protection {unknown}
 G - an uncursed ring of ice
Wands
 o - a wand of scattershot (5)
 v - a wand of disintegration (13)
 D - a wand of polymorph (10)
Scrolls
 d - 10 scrolls of identify
 e - a scroll of magic mapping
 f - 6 scrolls of teleportation
 g - 9 scrolls of remove curse
 t - a scroll of enchant armour
 y - a scroll of fog {unknown}
 E - a scroll of summoning {unknown}
 F - a scroll of amnesia {unknown}
Potions
 a - a potion of cancellation
 j - 2 potions of stabbing {unknown}
 k - 3 potions of mutation {unknown}
 u - 3 potions of ambrosia
 w - a potion of flight {unknown}
 z - 2 potions of degeneration {unknown}
 A - a potion of magic {unknown}
 H - a potion of lignification
Comestibles
 c - 8 rations
 J - a chunk of flesh


   Skills:
 + Level 9.1 Fighting
 - Level 4.0 Short Blades
   Level 3.2(5.7) Axes
   Level 3.4(4.1) Maces & Flails
 + Level 6.3(6.7) Polearms
 + Level 8.7 Armour
 + Level 8.0 Dodging
 - Level 1.0 Stealth
 - Level 1.5 Shields


You had 10 spell levels left.
You didn't know any spells.
Your spell library contained the following spells:

 Spells                   Type           Power        Failure   Level  Hunger
 Beastly Appendage        Tmut           #.....       63%         1    ##.....
 Infusion                 Chrm           #...         63%         1    ##.....
 Shroud of Golubria       Chrm/Tloc      #.....       77%         2    ###....
 Song of Slaying          Chrm           #.......     77%         2    ###....
 Sticks to Snakes         Tmut           #.......     77%         2    ###....
 Ozocubu's Armour         Chrm/Ice       #.......     94%         3    ####...
 Spectral Weapon          Hex/Chrm       #.......     94%         3    ####...
 Spider Form              Tmut/Pois      #.........   94%         3    ####...
 Ice Form                 Ice/Tmut       #.......     100%        4    #####..
 Blade Hands              Tmut           #.........   100%        5    ######.


Dungeon Overview and Level Annotations

Branches:
Dungeon (8/15)             Temple (0/1) D:7            Lair (2/6) D:8
  Swamp (0/4) Lair:2       Spider (1/4) Lair:2

Altars:
Ashenzari
Gozag
Hepliaklqana
Kikubaaqudgha
Makhleb
Okawaru
Qazlal
Ru
Sif Muna
Trog
Uskayaw
Yredelemnul
Zin
The Shining One

Shops:
D:7 =

Annotations:
Lair:2 1 runed translucent door, Ehoff's ghost, journeyman CeAK
Spider:1 Asterion


Innate Abilities, Weirdness & Mutations

You have hoof-like feet.
You are completely covered in slimy green scales. (AC +4, rPois)
You may emit foul miasma when damaged in melee.
You are partially covered in sharp spines.
You are immune to rotting.


Message History

You barely miss the Executioner. Your kick misses the Executioner.
The Executioner is struck by your spines.
The Executioner closely misses you. The Executioner barely misses you.
The Executioner hits you but does no damage.
The Executioner is struck by your spines.
The Executioner completely misses you. The Executioner barely misses you.
The Executioner hits you but does no damage.
Asterion completely misses you.
The Executioner hits you but does no damage.
The Executioner misses you. The Executioner barely misses you.
The Executioner closely misses you.
The Executioner hits you but does no damage.
The Executioner closely misses you.
The Executioner hits you but does no damage. x3
Asterion barely misses you. The Executioner barely misses you.
The Executioner hits you.
* * * LOW HITPOINT WARNING * * *
The Executioner barely misses you.
Asterion hits you from afar with a +1 demon trident of electrocution!!
You die...

#......# #.^....##
#.......# .
##.....## ..
#...### ... ##....#
....##...###
.....#..<.####
......#@.....#
.....^..1...###
...#.....H....##
.........s.....#
..........†##### #
...^...#^#....#...#
...................
####...........#...
#..###.#......^.


You could see Asterion, an Executioner and an orb spider.

Vanquished Creatures
  Fannar (Lair:2)
  A black mamba (Lair:2)
  3 spiny frogs
  A rime drake (Lair:1)
  Maggie (D:8)
  3 komodo dragons
  A jumping spider (Lair:2)
  A hornet (D:7)
  Prince Ribbit (D:8)
  6 hippogriffs
  5 redbacks
  A tarantella (Spider:1)
  A hungry ghost (D:7)
  Grum (D:8)
  Edmund (D:4)
  A water moccasin (Lair:1)
  4 porcupines
  An orc warrior (D:6)
  A black bear (D:5)
  3 sky beasts
  A necrophage (D:7)
  3 ogres
  A phantom (D:7)
  3 ice beasts
  2 wolves (D:8)
  A centaur (D:5)
  4 crocodiles
  8 bullfrogs
  A gnoll sergeant (D:7)
  2 scorpions
  9 killer bees
  A howler monkey (D:6)
  A crimson imp (D:7)
  A bullfrog zombie (D:7)
  3 hounds
  4 jellies
  6 orc wizards
  An orc priest (D:8)
  A bullfrog skeleton (D:5)
  2 centaur skeletons (D:4)
  3 iguanas
  5 worker ants
  A killer bee zombie (D:7)
  3 hound zombies
  A hound skeleton (D:4)
  7 gnolls (D:7)
  A howler monkey skeleton (D:4)
  6 adders
  An adder skeleton (D:4)
  A worm (D:2)
  2 dart slugs
  3 leopard geckos
  19 orcs
  5 ball pythons
  3 giant cockroaches
  3 goblins
  5 hobgoblins
  12 jackals
  4 kobolds
  7 quokkas
  10 bats
  3 frilled lizards
  A giant cockroach zombie (D:5)
  A jackal skeleton (D:5)
  A leopard gecko skeleton (D:4)
  9 rats
210 creatures vanquished.

Vanquished Creatures (others)
  4 plants (Lair:2)
4 creatures vanquished.

Grand Total: 214 creatures vanquished

Notes
Turn   | Place    | Note
-------+----------+-------------------------------------------
     0 | D:1      | srslyguys the Demonspawn Berserker began the quest for the
                  | Orb.
     0 | D:1      | Reached XP level 1. HP: 18/18 MP: 1/1
   163 | D:1      | Gained mutation: You are partially covered in slimy green
                  | scales. (AC +2) [demonic ancestry]
   163 | D:1      | Reached XP level 2. HP: 22/24 MP: 2/2
  1271 | D:2      | Reached XP level 3. HP: 29/29 MP: 3/3
  1435 | D:2      | Reached skill level 1 in Short Blades
  1600 | D:2      | Reached ** piety under Trog
  1827 | D:2      | Found a faded altar of an unknown god.
  2210 | D:3      | Found a glowing golden altar of the Shining One.
  2511 | D:3      | Gained mutation: You are mostly covered in slimy green
                  | scales. (AC +3) [demonic ancestry]
  2511 | D:3      | Reached XP level 4. HP: 35/35 MP: 4/4
  3443 | D:4      | Found an iron altar of Okawaru.
  3457 | D:4      | Gained mutation: You are partially covered in sharp spines.
                  | [demonic ancestry]
  3457 | D:4      | Reached XP level 5. HP: 39/41 MP: 5/5
  3519 | D:4      | Noticed an ogre
  3535 | D:4      | Killed an ogre
  3633 | D:4      | Gained mutation: You are completely covered in slimy green
                  | scales. (AC +4, rPois) [demonic ancestry]
  3633 | D:4      | Reached XP level 6. HP: 38/47 MP: 6/6
  3903 | D:4      | Found an opulent altar of Gozag.
  3903 | D:4      | Found a burning altar of Makhleb.
  3903 | D:4      | Found a hide-covered altar of Uskayaw.
  3903 | D:4      | Found a basalt altar of Yredelemnul.
  4368 | D:5      | Entered Level 5 of the Dungeon
  4368 | D:5      | Noticed Edmund
  4405 | D:4      | Killed Edmund
  4405 | D:4      | Reached skill level 1 in Shields
  4415 | D:5      | Gained mutation: You have large cloven feet. [demonic
                  | ancestry]
  4415 | D:5      | Reached XP level 7. HP: 49/53 MP: 7/7
  4581 | D:5      | Reached skill level 4 in Fighting
  4802 | D:5      | Got a spiked ring mail
  4813 | D:5      | Identified the +4 ring mail of Curiosity {rC+ Dex+2 Stlth+}
                  | (You found it on level 5 of the Dungeon)
  4827 | D:5      | Reached skill level 1 in Maces & Flails
  5102 | D:5      | Reached *** piety under Trog
  5119 | D:5      | Reached skill level 1 in Stealth
  5532 | D:5      | Found an ancient bone altar of Kikubaaqudgha.
  5738 | D:6      | Gained mutation: You are immune to rotting. [demonic
                  | ancestry]
  5738 | D:6      | Reached XP level 8. HP: 54/61 MP: 8/8
  5880 | D:6      | Found a sacrificial altar of Ru.
  6133 | D:6      | Reached skill level 5 in Armour
  6192 | D:6      | Reached skill level 5 in Fighting
  6199 | D:6      | Found a shimmering blue altar of Sif Muna.
  6393 | D:6      | Found a shattered altar of Ashenzari.
  6748 | D:7      | Found a staircase to the Ecumenical Temple.
  7145 | D:7      | Reached skill level 1 in Polearms
  7145 | D:7      | Gained mutation: You have hoof-like feet. [demonic
                  | ancestry]
  7145 | D:7      | Reached XP level 9. HP: 61/69 MP: 9/9
  7191 | D:7      | Reached skill level 6 in Fighting
  7248 | D:7      | Reached skill level 5 in Dodging
  7320 | D:7      | Found a stormy altar of Qazlal.
  7453 | D:7      | Found Tusexy's Jewellery Emporium.
  7460 | D:7      | Bought a +3 ring of strength for 204 gold pieces
  7472 | D:7      | Reached **** piety under Trog
  7833 | D:8      | Noticed Maggie
  7843 | D:8      | Killed Maggie
  7883 | D:8      | Reached skill level 7 in Fighting
  7912 | D:8      | Found a glowing silver altar of Zin.
  7913 | D:8      | Found a bloodstained altar of Trog.
  7994 | D:8      | Noticed Prince Ribbit
  8003 | D:8      | Gained mutation: You may emit foul miasma when damaged in
                  | melee. [demonic ancestry]
  8003 | D:8      | Reached XP level 10. HP: 79/79 MP: 10/10
  8010 | D:8      | Killed Prince Ribbit
  8064 | D:8      | Found a staircase to the Lair.
  8198 | D:8      | Noticed Grum
  8227 | D:8      | Killed Grum
  8365 | D:8      | Found a hide-covered altar of Uskayaw.
  8602 | Lair:1   | Entered Level 1 of the Lair of Beasts
  8909 | Lair:1   | Noticed a spiny frog
  8918 | Lair:1   | Killed a spiny frog
  8918 | Lair:1   | Reached skill level 8 in Fighting
  8942 | Lair:1   | Noticed a spiny frog
  8949 | Lair:1   | Killed a spiny frog
  8949 | Lair:1   | Reached skill level 5 in Polearms
  9100 | Lair:1   | Found a hazy altar of Hepliaklqana.
  9406 | Lair:2   | Noticed a black mamba
  9411 | Lair:2   | Killed a black mamba
  9488 | Lair:2   | Noticed a spiny frog
  9497 | Lair:2   | Killed a spiny frog
  9614 | Lair:2   | Reached ***** piety under Trog
  9614 | Lair:2   | Received a gift from Trog
  9649 | Lair:2   | Reached XP level 11. HP: 53/87 MP: 11/11
  9970 | Lair:2   | Found a runed translucent door.
  9984 | Lair:2   | Noticed Ehoff's ghost (journeyman CeAK)
  9986 | Lair:2   | Identified the +8 trident "Sepurowk" {elec, *Corrode +Inv
                  | Dex+6}
  9986 | Lair:2   | Noticed a spriggan rider
 10136 | Lair:2   | Found a hole to the Spider Nest.
 10147 | Lair:2   | Found a staircase to the Swamp.
 10228 | Lair:2   | Noticed Fannar
 10254 | Lair:2   | Killed Fannar
 10254 | Lair:2   | Reached skill level 9 in Fighting
 10836 | Spider:1 | Entered Level 1 of the Spider Nest
 10872 | Spider:1 | Noticed Asterion
 10873 | Spider:1 | Noticed an orb spider
 10880 | Spider:1 | Noticed an Executioner
 10885 | Spider:1 | Slain by Asterion

Levels and vault maps discovered:
D:1:      wander_arrival_chamber, layout_rooms
D:2:      layout_loops_ring, chequers_ecumenical_altar_lobes, skrybe_limestone_x
D:3:      layout_loops_corners, tso_altar, minmay_fractal_squares_diagonal_5
D:4:      layout_cave_pods, chequers_temple_overflow_statue_of_worship,
          old_standard_altar, first_ration
D:5:      layout_cave_pods, kennysheep_mini, uniq_edmund
D:6:      kennysheep_orc_sif_temple, layout_basic, lemuel_round_altar,
          ashenzari_conservatory_becter
D:7:      layout_loops_ring, kennysheep_little_box, minmay_temple_entry_glass,
          serial_shops, shop
D:8:      layout_basic, grunt_temple_overflow_open, lair_entry_dummy,
          basic_altar, uniq_maggie, uniq_grum, uniq_prince_ribbit1
Lair:1:   layout_regular_city, basic_altar, minmay_stone_trees_medium,
          lemuel_fruit_tree
Lair:2:   layout_cave_pods, swamp_mist, spider_nest_entry_a,
          ebering_ghost_funeral_grove, uniq_fannar
Spider:1: nicolae_spider_mines_2, uniq_asterion, uniq_frances, uniq_roxanne

Skill      XL: |  1  2  3  4  5  6  7  8  9 10 11 |
---------------+----------------------------------+-----
Axes           | 3 |  3.2
Dodging        | 2 3 4 6 7 8 |  8.0
Short Blades   | 1 2 3 4 |  4.0
Armour         | 2 3 4 5 7 8 |  8.7
Shields        | 1 |  1.5
Fighting       | 4 5 7 8 9 |  9.1
Maces & Flails | 2 3 |  3.4
Stealth        | 1 |  1.0
Polearms       | 1 3 5 6 |  6.3

Action                   |  1- 3 |  4- 6 |  7- 9 | 10-12 || total
-------------------------+-------+-------+-------+-------++-------
Melee: Hand axe          |    12 |       |       |       ||    12
       Dagger            |   145 |   188 |       |       ||   333
       Flail             |       |     3 |    99 |       ||   102
       Kick              |       |       |    62 |    59 ||   121
       Trident           |       |       |   104 |   108 ||   212
       Rapier            |       |       |       |    41 ||    41
Invok: Berserk           |     1 |     2 |     1 |     1 ||     5
       Trog's Hand       |       |       |     1 |       ||     1
  Use: Scroll            |       |     2 |    14 |       ||    16
       Potion            |       |       |     3 |     2 ||     5
 Stab: Sleeping          |       |       |     7 |     2 ||     9
  Eat: Chunk             |     3 |     3 |     4 |     4 ||    14
       Ration            |     1 |     2 |     2 |     2 ||     7
Armor: Animal skin       |    41 |       |       |       ||    41
       Ring mail         |    20 |    38 |    63 |    60 ||   181
       Quicksilver drago |       |       |    10 |       ||    10
Dodge: Dodged            |   105 |    71 |    94 |    74 ||   344
Block: Buckler           |    12 |    15 |    47 |    54 ||   128

Table legend:
 A = Non-vault XP
 B = Vault XP
 C = Vault XP percentage of total XP
 D = Non-vault monster count
 E = Vault monster count
 F = Vault count percentage of total count
                 A         B        C        D         E       F
            +---------+---------+-------+---------+---------+-------
      Total |   11652 |    3197 |  21.5 |     191 |      19 |   9.0
            +---------+---------+-------+---------+---------+-------
        D:1 |      23 |       0 |   0.0 |      14 |       0 |   0.0
        D:2 |      50 |       0 |   0.0 |      23 |       0 |   0.0
        D:3 |      57 |       8 |  12.3 |      17 |       4 |  19.0
        D:4 |     440 |     154 |  25.9 |      22 |       1 |   4.3
        D:5 |     617 |       0 |   0.0 |      18 |       0 |   0.0
        D:6 |     359 |     280 |  43.8 |      15 |       5 |  25.0
        D:7 |    2047 |       0 |   0.0 |      27 |       0 |   0.0
        D:8 |    1407 |    1048 |  42.7 |      26 |       5 |  16.1
     Lair:1 |    2741 |       0 |   0.0 |      12 |       0 |   0.0
     Lair:2 |    3049 |    1707 |  35.9 |      13 |       4 |  23.5
   Spider:1 |     862 |       0 |   0.0 |       4 |       0 |   0.0
            +---------+---------+-------+---------+---------+-------
